 Dungeon Crawl Stone Soup version 0.18.1-8-gdd0e5ea (webtiles) character file.

14 M4edhros the Grave Robber (level 2, 0/17 HPs)
             Began as an Octopode Necromancer on May 25, 2016.
             Slain by a goblin
             ... wielding a +0 club
              (2 damage)
             ... on level 2 of the Dungeon.
             The game lasted 00:03:36 (566 turns).

M4edhros the Grave Robber (Octopode Necromancer)     Turns: 566, Time: 00:03:37

Health: 0/17       AC:  1    Str:  7    XL:     2   Next: 45%
Magic:  2/5        EV: 12    Int: 17    God:
Gold:   118        SH:  0    Dex: 12    Spells: 2 memorised, 3 levels left

rFire  . . .     SeeInvis .       - Unarmed
rCold  . . .     Gourm    .     (no shield)
rNeg   . . .     Faith    .     (helmet restricted)
rPois  .         Spirit   .     (no amulet)
rElec  .         Dismiss  .     (no ring)
rCorr  .         Reflect  .     (no ring)
SustAt .         Harm     .     (no ring)
MR     .....                    (no ring)
Stlth  +++.......               (no ring)
                                (no ring)
                                (no ring)
                                (no ring)

@: not resistant to hostile enchantments, fairly stealthy
A: almost no armour, amphibious, 8 rings, constrict 8, camouflage 1, gelatinous
body 1
a: no special abilities


You were on level 2 of the Dungeon.
You were not hungry.

You visited 1 branch of the dungeon, and saw 2 of its levels.

You collected 118 gold pieces.

Inventory:

Missiles
 f - 36 sling bullets
Scrolls
 c - a scroll of teleportation {unknown}
 d - 2 scrolls of identify {unknown}
 e - a scroll of immolation {unknown}
 g - 3 scrolls of remove curse {unknown}
 i - a scroll of amnesia {unknown}
 k - 2 scrolls of recharging {unknown}
Potions
 h - a potion of agility {unknown}
 l - a potion of heal wounds {unknown}
Books
 a - a book of Necromancy

   Spells                             Type                      Level
   a - Pain                           Necromancy                   1
   b - Animate Skeleton               Necromancy                   1
   c - Vampiric Draining              Necromancy                   3
   d - Regeneration                   Charms/Necromancy            3
   e - Animate Dead                   Necromancy                   4
   f - Control Undead                 Necromancy                   4
Comestibles
 b - a bread ration
 j - 2 chunks of flesh


   Skills:
 - Level 2.0 Dodging
 - Level 2.6 Stealth
 + Level 2.0 Unarmed Combat
 - Level 2.0 Spellcasting
 - Level 4.0 Necromancy


You had 3 spell levels left.
You knew the following spells:

 Your Spells              Type           Power        Failure   Level  Hunger
a - Pain                  Necr           ###.         3%          1    #......
b - Animate Skeleton      Necr           N/A          3%          1    #......


Dungeon Overview and Level Annotations

Branches:
Dungeon (2/15)

Altars:
Dithmenos


Innate Abilities, Weirdness & Mutations

You cannot wear most types of armour.
You are amphibious.
You can wear up to eight rings at the same time.
You can use your tentacles to constrict eight enemies at once.
Your skin changes colour to match your surroundings (Stealth).
Your rubbery body absorbs attacks (AC +1).


Message History

Confirm with . or Enter, or press ? or * to list all spells.
Aiming: Pain
Press: ? - help, Shift-Dir - straight line, f - bat
Aim: a bat (resting, chance to defeat MR: 92%)
The bat convulses in agony!
You kill the bat!
A goblin comes into view. It is wielding a club.
Casting: Pain
Confirm with . or Enter, or press ? or * to list all spells.
Aiming: Pain
Press: ? - help, Shift-Dir - straight line, f - goblin
Aim: a goblin, wielding a club (resting, chance to defeat MR: 92%)
The goblin convulses in agony!
Casting: Pain
Confirm with . or Enter, or press ? or * to list all spells.
Aiming: Pain
Press: ? - help, Shift-Dir - straight line, f/p - goblin
Aim: a goblin, wielding a club (severely wounded, chance to defeat MR: 92%)
The goblin barely resists.
The goblin hits you with a club.
You die...

###########
##.#.#.#.#g#
#.#.#.#.#@#.#
##.#.#.#.#.#.#
#.#.#.#.#.#.#.##
#.##.#.#.#.#.#..
#.#.#.#.#.#.#.#.#
#.##.#.#.#.#.#..#
#.#.#.#.#.#.#.#.#
#.##.#.#.#.#.#..#
#.#.#.#.#.#.#)#.#


You could see a goblin.

Vanquished Creatures
  A giant gecko (D:2)
  A giant cockroach (D:1)
  A goblin (D:2)
  3 hobgoblins
  3 bats (D:2)
  3 kobolds
  A rat (D:1)
13 creatures vanquished.

Notes
Turn   | Place    | Note
--------------------------------------------------------------
     0 | D:1      | M4edhros the Octopode Necromancer began the quest for the Orb.
     0 | D:1      | Reached XP level 1. HP: 11/11 MP: 3/3
    23 | D:1      | Learned a level 1 spell: Animate Skeleton
   277 | D:1      | Reached skill level 1 in Unarmed Combat
   399 | D:2      | Reached XP level 2. HP: 13/17 MP: 3/5
   462 | D:2      | Found a shadowy altar of Dithmenos.
   566 | D:2      | Slain by a goblin

Skill      XL: |  1  2 |
---------------+-------+-----
Unarmed Combat | 1 2 |  2.0
Dodging        | |  2.0
Stealth        | |  2.6
Spellcasting   | |  2.0
Necromancy     | |  4.0

Action                   || total
-------------------------++-------
Melee: Unarmed           ||    10
       Constrict         ||     3
       Tentacles         ||     3
 Cast: Pain              ||    17
       Animate Skeleton  ||     1
Armor: Skin              ||     2
Dodge: Dodged            ||     9
